AoeStats
← Random

Black Forest

506259997Analyzed
4v4 RM · 20d ago on Sep 12, 2026· 44m 44s· 8 players
Game mode
Random Map
Map size
Large (8 player)
Population
200
Speed
Normal
Resources
Standard
Victory
Conquest
Starting age
Dark Age
Ending age
Imperial Age
RankedLock teamsTeams togetherTeam positionsShared explorationLock speedFull tech treeHidden civsTurbo modeCheats
Victory
Defeat
🇨🇱 Tupi · Chile
1671
+11
🇪🇸 Sicilians · Spain
1612
+13
🇪🇸 Vikings · Spain
1603
+13
🇪🇸 Saracens · Spain
1562
+15
🇺🇸 Vietnamese · United States
1646
-17
🇨🇴 Celts · Colombia
1528
-12
🇹🇷 Maya · Türkiye
1525
-12
🇵🇱 Armenians · Poland
1491
-11
Gasior
11:03 Feudal Age
14:42 Castle Age
12:48 Double-Bit Axe
13:08 Horse Collar
14:59 Wheelbarrow
14:10 Loom
31:30 Ballistics
31:39 Scale Mail Armor
31:49 Forging
35:48 Imperial Age
33:38 Squires
32:58 Man-at-Arms
33:27 Gambesons
34:26 Hand Cart
33:57 Town Watch
34:49 Masonry
34:28 Long Swordsman
35:35 Chain Mail Armor
36:39 Iron Casting
35:25 Two-Handed Swordsman
36:11 Arson
36:55 Conscription
35:59 Capped Ram
38:17 Chemistry
37:01 Heavy Scorpion
38:36 Plate Mail Armor
39:06 Blast Furnace
39:16 Blast Furnace
38:52 Champion
39:21 Onager
40:49 Town Patrol
41:18 Elite Skirmisher
41:51 Fletching
42:01 Padded Archer Armor
41:56 Siege Ram
43:46 Imperial Skirmisher
44:43 Bodkin Arrow
45:04 Leather Archer Armor
MinorCloud9519
0:27 Loom
10:48 Feudal Age
12:32 Town Watch
12:45 Double-Bit Axe
16:31 Castle Age
15:50 Fletching
17:54 Stone Mining
23:58 Horse Collar
25:59 Bow Saw
27:02 Gold Mining
29:55 Wheelbarrow
32:05 Fortified Wall
35:19 Imperial Age
33:22 Treadmill Crane
34:02 Ballistics
33:47 Heavy Plow
34:12 Padded Archer Armor
34:23 Bodkin Arrow
34:37 Elite Skirmisher
35:33 Leather Archer Armor
35:43 Imperial Skirmisher
37:34 Chemistry
37:13 Bracer
38:33 Ring Archer Armor
39:19 Hand Cart
41:56 Two-Man Saw
41:37 Conscription
41:20 Hul'che Javelineers
41:44 Thumb Ring
42:33 Crop Rotation
Random
1:52 Loom
13:19 Feudal Age
17:24 Castle Age
17:54 Double-Bit Axe
17:49 Horse Collar
21:40 Guard Tower
21:57 Fletching
27:09 Bodkin Arrow
27:47 Bow Saw
27:37 Heavy Plow
28:39 Heavy Plow
33:59 Town Watch
34:51 Wheelbarrow
38:39 Imperial Age
36:59 Padded Archer Armor
37:50 Ballistics
39:25 Bracer
39:41 Leather Archer Armor
40:27 Chemistry
41:27 Hand Cart
Chigüiro
11:31 Feudal Age
11:49 Loom
16:07 Castle Age
14:03 Horse Collar
14:10 Double-Bit Axe
21:48 Town Watch
27:45 Fletching
34:39 Pikeman
37:35 Scale Mail Armor
42:22 Imperial Age
40:17 Chain Mail Armor
40:43 Forging
42:31 Halberdier
Vlad von Carstein
1:56 Loom
11:59 Feudal Age
15:34 Castle Age
14:21 Double-Bit Axe
14:17 Horse Collar
16:29 Bow Saw
16:27 Heavy Plow
21:25 Town Watch
22:16 Wheelbarrow
25:07 Heavy Plow
29:49 Hand Cart
33:11 Imperial Age
30:59 Scale Barding Armor
31:06 Forging
30:55 Gold Mining
31:07 Stone Mining
32:22 Chain Barding Armor
33:32 Iron Casting
33:52 Stone Shaft Mining
33:52 Gold Shaft Mining
33:30 Masonry
33:50 Husbandry
34:00 Bloodlines
34:33 Crop Rotation
33:26 Cavalier
34:47 Plate Barding Armor
36:01 Siege Engineers
36:58 Blast Furnace
36:47 Conscription
36:44 Hauberk
36:55 Caravan
40:34 Masonry
DK_Exmerior
0:33 Loom
12:54 Feudal Age
13:30 Double-Bit Axe
16:00 Fletching
15:53 Horse Collar
23:01 Castle Age
22:21 Gold Mining
23:58 Bodkin Arrow
23:32 Crossbowman
24:32 Heavy Plow
24:28 Stone Mining
27:14 Wheelbarrow
27:50 Bow Saw
32:21 Imperial Age
31:08 Gold Shaft Mining
31:32 Padded Archer Armor
31:54 Ballistics
32:06 Hand Cart
34:04 Chemistry
34:51 Two-Man Saw
34:20 Bracer
34:40 Arbalester
36:33 Thumb Ring
37:21 Conscription
38:03 Counterweights
38:51 Leather Archer Armor
40:25 Caravan
40:49 Scale Barding Armor
40:56 Forging
40:40 Elite Mameluke
42:23 Chain Barding Armor
42:58 Hoardings
44:33 Plate Barding Armor
44:33 Iron Casting
46:19 Blast Furnace
DK_Nightclaim
0:56 Loom
10:40 Feudal Age
12:51 Double-Bit Axe
15:07 Fletching
16:13 Horse Collar
22:44 Castle Age
26:45 Imperial Age
24:01 Crossbowman
25:27 Bow Saw
25:49 Bodkin Arrow
27:23 Padded Archer Armor
28:10 Bracer
28:00 Town Watch
32:54 Ballistics
35:03 Gold Mining
36:27 Heavy Plow
37:03 Fortified Wall
37:22 Caravan
38:21 Scale Mail Armor
38:31 Forging
39:31 Two-Man Saw
38:38 Man-at-Arms
39:54 Onager
41:40 Conscription
42:29 Chemistry
42:21 Siege Engineers
43:59 Leather Archer Armor
44:00 Chain Mail Armor
44:20 Iron Casting
DK_Partyman96
10:20 Feudal Age
14:43 Castle Age
16:45 Fletching
28:02 Bodkin Arrow
30:31 Double-Bit Axe
34:30 Bow Saw
34:03 Horse Collar
37:08 Imperial Age
35:32 Wheelbarrow
34:42 Town Watch
34:43 Loom
35:08 Gold Mining
35:08 Stone Mining
35:13 Gold Mining
35:13 Stone Mining
36:26 Padded Archer Armor
37:11 Caravan
36:48 Elite Skirmisher
36:49 Crossbowman
38:55 Chemistry
38:15 Ballistics
38:59 Conscription
38:11 Arbalester
39:53 Bracer
40:08 Leather Archer Armor
40:40 Curare
42:00 Hoardings
42:33 Heavy Plow
43:19 Onager
44:23 Treadmill Crane
Connection lost

Rejoining the realm…

Still unreachable

The connection could not be restored.

Session expired

The server has moved on; the page needs a fresh start.